 Dungeon Crawl Stone Soup version 0.29.0-4-gdea44cf6ec (webtiles) character file.

Game seed: 6673147937061373477

282 qw the Chopper (level 6, -1/35 HPs)
             Began as a Tengu Warper on Aug 28, 2022.
             Slain by a gnoll bouda
             ... wielding a +0 whip
              (2 damage)
             ... on level 5 of the Dungeon.
             The game lasted 00:00:24 (5285 turns).

qw the Chopper (Tengu Warper)                       Turns: 5285, Time: 00:00:24

Health: -1/35      AC:  6    Str: 14    XL:     6   Next: 28%
Magic:  10/10      EV: 11    Int: 13    God:
Gold:   220        SH:  0    Dex: 13    Spells: 9/9 levels left

rFire   . . .      SeeInvis .   Y - +2 war axe
rCold   . . .      Faith    .   (no shield)
rNeg    . . .      Spirit   .   d - +0 scale mail
rPois   .          Reflect  .   (helmet restricted)
rElec   .          Harm     .   (no cloak)
rCorr   .          Rampage  .   (no gloves)
Will    .....                   (boots unavailable)
Stlth   ..........              (no amulet)
HPRegen 0.11/turn               (no ring)
MPRegen 0.12/turn               (no ring)

@: flying quickly and evasively, quick
A: beak, talons 3, nimble flight
a: no special abilities


You were on level 5 of the Dungeon.
You visited 1 branch of the dungeon, and saw 5 of its levels.

You collected 220 gold pieces.


Innate Abilities, Weirdness & Mutations

You have a beak for a mouth.
You have claws for feet.
Your magical nature lets you fly swiftly and evasively.


   Skills:
 + Level 2.2 Fighting
 - Level 7.0 Axes
 - Level 1.0 Throwing
 - Level 1.1 Armour
 - Level 2.1 Dodging
 - Level 2.0 Spellcasting
 - Level 2.4 Translocations


You had 9 spell levels left.
You didn't know any spells.
Your spell library contained the following spells:

 Spells                   Type           Power      Damage    Failure   Level
 Blink                    Tloc           14%        N/A       54%         2
 Gell's Gravitas          Tloc           7%         N/A       77%         3
 Lesser Beckoning         Tloc           7%         N/A       77%         3
 Teleport Other           Tloc           7%         N/A       77%         3
 Manifold Assault         Tloc           7%         N/A       100%        5

Inventory:

Hand Weapons
 f - a +0 whip
 Y - a +2 war axe (weapon)
Armour
 d - a +0 scale mail (worn)
Scrolls
 a - a scroll of identify
Potions
 b - a potion of resistance {unknown}
 g - 4 potions of curing
 i - 2 potions of haste
 k - a potion of invisibility {unknown}
 l - a potion of might {unknown}

Dungeon Overview and Level Annotations

Branches:
Dungeon (5/15)
 Temple: D:4-7

Altars:
Elyvilon
Makhleb

Annotations:
D:4 2 runed translucent doors, qw's ghost, amateur TeWr


Message History

You feel less attractive to monsters.
There is a stone staircase leading down here.
You fly downwards.
The gnoll shouts! x2
Found a stone staircase leading down.
There is a stone staircase leading up here.
There are monsters nearby!
Existing waypoints: (1) D:4 (2) D:3 Assign waypoint to what number? (0-9, D - delete waypoint) Waypoint 1 re-assigned from D:4 to D:5.
Enter note: A gnoll bouda and a gnoll come into view.
The gnoll bouda shouts!
The gnoll shouts!
The gnoll hits you from afar with a +0 halberd!
The gnoll bouda barks out a call to the hunt!
The gnolls pick up the pace!
The gnoll hits you with a +0 flail. The gnoll barely misses you.
You hit the gnoll. You claw the gnoll.
The gnoll is moderately wounded.
You hit the gnoll. The gnoll hits you with a +0 flail.
The gnoll hits you with a +0 halberd.
You slash the gnoll!
You kill the gnoll!
You barely miss the gnoll bouda. You hit the gnoll.
The gnoll barely misses you.
The gnoll bouda hits you with a +0 whip!
The gnoll hits you with a +0 flail. The gnoll bouda barely misses you.
You hit the gnoll. Your kick misses the gnoll. Your peck misses the gnoll.
The gnoll is almost dead.
You completely miss the gnoll bouda. The gnoll closely misses you.
The gnoll hits you with a +0 flail.
The gnoll bouda calls upon its god to heal the gnoll.
The gnoll is healed somewhat.
You hit the gnoll. You claw the gnoll. Your peck misses the gnoll.
The gnoll is severely wounded.
You barely miss the gnoll. You barely miss the gnoll bouda.
The gnoll closely misses you. The gnoll barely misses you.
The gnoll bouda hits you with a +0 whip.
You die...

#. .#.#### #.
#........
##.###........
#.......>.....
#.............
###.............
......g)........
#...g@........
#.####g.......
##..g.....#####
.......<#.#
...............
........#.#####
#######+#.# . ..


You could see a gnoll bouda and 2 gnolls.

Vanquished Creatures
  A phantom (D:4)
  Natasha (twice) (D:3)
  An iguana (D:3)
  A gnoll (D:5)
  4 adders
  2 worms (D:4)
  3 dart slugs
  3 orcs
  5 bats
  8 endoplasms
  3 giant cockroaches
  9 goblins
  8 hobgoblins
  5 kobolds
  A quokka (D:1)
  6 ball pythons
  4 frilled lizards
  8 rats
74 creatures vanquished.

Notes
Turn   | Place    | Note
-------+----------+-------------------------------------------
     0 | D:1      | qw the Tengu Warper began the quest for the Orb.
     0 | D:1      | Reached XP level 1. HP: 12/12 MP: 4/4
     0 | D:1      | 0 ||| qw: Version: 0.1-a-89-g26bdef1
     0 | D:1      | 0 ||| qw: Game counter: 960
     0 | D:1      | 0 ||| qw: Always use a shield: true
     0 | D:1      | 0 ||| qw: God list: Okawaru
     0 | D:1      | 0 ||| qw: Allow faded altars: false
     0 | D:1      | 0 ||| qw: Do Orc after D:15 true
     0 | D:1      | 0 ||| qw: Do second Lair branch before Depths: true
     0 | D:1      | 0 ||| qw: Lair rune preference: random
     0 | D:1      | 0 ||| qw: Plans: Normal
     0 | D:1      | 0 ||| PLANNING D:1-11
   269 | D:1      | Reached XP level 2. HP: 15/17 MP: 6/6
   365 | D:1      | Reached skill level 3 in Axes
   698 | D:1      | Found a faded altar of an unknown god.
   888 | D:1      | 888 ||| UPGRADING to +0 scale mail.
   898 | D:1      | 898 ||| DROPPING +0 leather armour.
   899 | D:1      | 899 ||| READING 2 scrolls labelled QASKOIFYO.
   900 | D:1      | 900 ||| READING scroll labelled HOMPOD GIWAMN.
   901 | D:1      | 901 ||| READING scroll labelled LOOTSUZETUE.
   902 | D:1      | 902 ||| DRINKING 2 metallic white potions.
   903 | D:1      | 903 ||| DROPPING scroll of blinking.
   954 | D:2      | Reached XP level 3. HP: 11/21 MP: 7/7
  1199 | D:2      | 1199 ||| SWAPPING to +0 war axe.
  1200 | D:2      | 1200 ||| DROPPING +0 hand axe.
  1266 | D:2      | 1266 ||| DROPPING +0 club.
  1385 | D:2      | Reached skill level 4 in Axes
  1565 | D:2      | 1565 ||| FLEEEEING.
  1568 | D:2      | 1568 ||| FLEEEEING.
  1569 | D:2      | 1569 ||| FLEEEEING.
  1570 | D:2      | 1570 ||| FLEEEEING.
  1571 | D:2      | 1571 ||| FLEEEEING.
  1572 | D:2      | 1572 ||| FLEEEEING.
  1581 | D:2      | 1581 ||| FLEEEEING.
  1582 | D:2      | 1582 ||| FLEEEEING.
  1583 | D:2      | 1583 ||| FLEEEEING.
  1587 | D:2      | 1587 ||| FLEEEEING.
  1588 | D:2      | 1588 ||| FLEEEEING.
  1589 | D:2      | 1589 ||| FLEEEEING.
  2052 | D:2      | 2052 ||| READING scroll labelled KUTAICSEMEO.
  2127 | D:3      | Noticed Natasha
  2135 | D:3      | Killed Natasha
  2136 | D:3      | Reached skill level 5 in Axes
  2136 | D:3      | Reached XP level 4. HP: 8/26 MP: 8/8
  3003 | D:3      | Gained mutation: Your magical nature lets you fly swiftly
                  | and evasively. [Tengu growth]
  3003 | D:3      | Reached XP level 5. HP: 30/30 MP: 9/9
  3050 | D:3      | 3050 ||| READING scroll of enchant weapon.
  3050 | D:3      | 3050 ||| ENCHANTING +1 war axe.
  3322 | D:3      | Found a faded altar of an unknown god.
  3330 | D:3      | Noticed Natasha
  3331 | D:3      | 3331 ||| Stepping ~*~*~tactically~*~*~ (hiding).
  3335 | D:3      | Killed Natasha
  3447 | D:3      | Reached skill level 6 in Axes
  3614 | D:3      | 3614 ||| READING scroll labelled ITAITRICAD.
  3615 | D:3      | 3615 ||| READING scroll labelled OCKEGE HOTOSCH.
  3616 | D:3      | 3616 ||| READING scroll labelled LAATUO QUAZXO.
  3617 | D:3      | 3617 ||| READING 4 scrolls of identify.
  3617 | D:3      | 3617 ||| IDENTIFYING emerald potion
  3618 | D:3      | 3618 ||| READING 3 scrolls of identify.
  3618 | D:3      | 3618 ||| IDENTIFYING grey potion
  3619 | D:3      | 3619 ||| READING 2 scrolls of identify.
  3619 | D:3      | 3619 ||| IDENTIFYING amethyst potion
  3620 | D:3      | 3620 ||| DROPPING potion of ambrosia.
  3621 | D:3      | 3621 ||| DROPPING potion of lignification.
  3699 | D:3      | 3699 ||| Stepping randomly (stuck).
  3950 | D:4      | Found a white marble altar of Elyvilon.
  4136 | D:4      | Noticed a phantom
  4146 | D:4      | Killed a phantom
  4147 | D:4      | Reached XP level 6. HP: 29/35 MP: 10/10
  4432 | D:4      | 4432 ||| Stepping ~*~*~tactically~*~*~ (stealth).
  4440 | D:4      | Reached skill level 7 in Axes
  4512 | D:4      | 4512 ||| Stepping ~*~*~tactically~*~*~ (hiding).
  4514 | D:4      | 4514 ||| Stepping ~*~*~tactically~*~*~ (hiding).
  4895 | D:4      | Found a large runed translucent door.
  4896 | D:4      | Found a large runed translucent door.
  4900 | D:4      | Noticed qw's ghost (amateur TeWr)
  5218 | D:4      | 5218 ||| READING scroll labelled TIPE YDIYDWOS.
  5219 | D:4      | 5219 ||| READING scroll labelled DARYJ ETUALASM.
  5220 | D:4      | 5220 ||| DRINKING 4 fizzy inky potions.
  5221 | D:4      | 5221 ||| DRINKING 2 glowing orange potions.
  5222 | D:4      | 5222 ||| DROPPING 3 potions of flight.
  5223 | D:4      | 5223 ||| DROPPING potion of attraction.
  5237 | D:3      | Found a burning altar of Makhleb.
  5238 | D:3      | 5238 ||| Stepping randomly (stuck).
  5278 | D:5      | Entered Level 5 of the Dungeon
  5283 | D:5      | HP: 6/35 [gnoll/+0 flail[a gnoll bouda] (4)]
  5284 | D:5      | HP: 1/35 [gnoll/+0 flail[a gnoll bouda] (5)]
  5285 | D:5      | Slain by a gnoll bouda

Levels and vault maps discovered:
D:1:      dpeg_arrival_rooms_c, layout_loops_ring,
          dreamdust_ecumenical_altar_hidden_monk_grotto
D:2:      minmay_alternating_diamond, layout_loops_ring, palyth_stone_intersect
D:3:      layout_loops_corners, nicolae_overflow_ecumenical_swirl, uniq_natasha
D:4:      layout_layer_cave, elyvilon_altar_1, ebering_ghost_disaster_area,
          reono_crystal_passage
D:5:      layout_basic, nicolae_overflow_crystal_walls, kennysheep_another_room

Skill      XL: |  1  2  3  4  5  6 |
---------------+-------------------+-----
Axes           | 3 5 6 7 |  7.0
Fighting       | |  2.2
Throwing       | |  1.0
Armour         | |  1.1
Dodging        | |  2.1
Spellcasting   | |  2.0
Translocations | |  2.4

Action                   |  1- 3 |  4- 6 || total
-------------------------+-------+-------++-------
Melee: Hand axe          |    24 |       ||    24
       Peck              |    11 |     7 ||    18
       Kick              |    14 |    16 ||    30
       War axe           |    52 |    85 ||   137
Throw: Boomerang         |     7 |       ||     7
  Use: Scroll            |     4 |     9 ||    13
       Potion            |     1 |     2 ||     3
Armor: Leather armour    |     5 |       ||     5
       Scale mail        |    24 |    27 ||    51
Dodge: Dodged            |    28 |    34 ||    62

Table legend:
 A = Non-vault XP
 B = Vault XP
 C = Vault XP percentage of total XP
 D = Non-vault monster count
 E = Vault monster count
 F = Vault count percentage of total count
                 A         B        C        D         E       F
            +---------+---------+-------+---------+---------+-------
      Total |     364 |      40 |   9.9 |      71 |       3 |   4.1
            +---------+---------+-------+---------+---------+-------
        D:1 |      21 |       0 |   0.0 |      13 |       0 |   0.0
        D:2 |      45 |       3 |   6.2 |      21 |       2 |   8.7
        D:3 |     117 |      37 |  24.0 |      20 |       1 |   4.8
        D:4 |     167 |       0 |   0.0 |      16 |       0 |   0.0
        D:5 |      14 |       0 |   0.0 |       1 |       0 |   0.0
            +---------+---------+-------+---------+---------+-------
